AoeStats
← Kez

MegaRandom

509334444Analyzed
3v3 RM · 6d ago on Sep 26, 2026· 49m 5s· 6 players
Game mode
Random Map
Map size
Normal (6 player)
Population
200
Speed
Normal
Resources
Standard
Victory
Conquest
Starting age
Dark Age
Ending age
Imperial Age
RankedLock teamsTeams togetherTeam positionsShared explorationLock speedFull tech treeHidden civsTurbo modeCheats
Victory
Defeat
🇮🇳 Saracens · India
1394
+13
🇳🇿 Celts · New Zealand
1374
+14
🇲🇦 Mapuche · Morocco
1354
+15
🇲🇽 Aztecs · Mexico
1399
-17
🇩🇪 Shu · Germany
1352
-15
🇳🇱 Goths · Netherlands
1232
-10
ABA_HANDALA
8:53 Loom
8:56 Loom
11:34 Feudal Age
13:38 Double-Bit Axe
13:34 Champi Runner
14:23 Horse Collar
18:31 Castle Age
17:39 Fishing Lines
19:04 Champi Warrior
20:52 Pikeman
21:30 Arson
25:26 Scale Mail Armor
27:44 Chain Mail Armor
29:49 Bow Saw
30:55 Forging
33:35 Iron Casting
36:19 Wheelbarrow
35:29 Town Watch
38:37 Imperial Age
37:12 Town Patrol
37:28 Hand Cart
38:44 Elite Champi Warrior
40:05 Plate Mail Armor
42:44 Blast Furnace
UncleRambo69
7:39 Loom
10:08 Feudal Age
10:47 Double-Bit Axe
10:43 Horse Collar
17:04 Wheelbarrow
19:11 Forging
19:06 Scale Barding Armor
23:00 Castle Age
22:27 Bloodlines
22:20 Gold Mining
23:02 Light Cavalry
24:19 Iron Casting
24:05 Chain Barding Armor
23:48 Husbandry
24:56 Bow Saw
28:49 Heavy Plow
29:19 Town Watch
35:57 Hand Cart
39:37 Town Patrol
44:51 Imperial Age
46:43 Blast Furnace
46:19 Plate Barding Armor
46:10 Heavy Camel Rider
47:24 Conscription
NewNormal
6:50 Loom
9:25 Feudal Age
9:29 Man-at-Arms
12:50 Double-Bit Axe
15:04 Fletching
15:16 Arson
17:46 Padded Archer Armor
22:18 Castle Age
20:24 Horse Collar
20:38 Gold Mining
22:33 Wheelbarrow
22:32 Crossbowman
23:09 Bodkin Arrow
24:22 Bow Saw
26:56 Wheelbarrow
28:45 Ballistics
31:27 Stone Mining
33:26 Leather Archer Armor
34:42 Gold Shaft Mining
34:44 Stone Shaft Mining
35:49 Hand Cart
35:19 Town Watch
39:32 Imperial Age
38:10 Masonry
38:36 Scale Mail Armor
38:47 Forging
38:23 Gambesons
40:06 Pikeman
41:35 Chain Mail Armor
42:32 Chemistry
42:08 Ring Archer Armor
41:27 Halberdier
44:26 Plate Mail Armor
44:32 Iron Casting
44:21 Siege Engineers
44:58 Elite Woad Raider
46:25 Conscription
47:56 Blast Furnace
48:53 Heavy Plow
Marx
7:37 Loom
10:31 Feudal Age
11:02 Double-Bit Axe
19:16 Fletching
24:58 Castle Age
25:34 Crossbowman
27:46 Bodkin Arrow
32:59 Bow Saw
35:24 Wheelbarrow
34:57 Eagle Warrior
35:38 Squires
35:59 Scale Mail Armor
36:10 Forging
38:07 Ballistics
AnthraX
9:28 Loom
11:14 Feudal Age
16:35 Castle Age
15:30 Gold Mining
16:24 Scale Barding Armor
17:21 Husbandry
17:24 Double-Bit Axe
17:21 Horse Collar
18:06 Forging
22:22 Town Watch
27:11 Wheelbarrow
30:45 Hand Cart
31:04 Chain Barding Armor
34:39 Heavy Plow
38:58 Gold Shaft Mining
43:13 Imperial Age
42:15 Bow Saw
43:14 Heavy Hei Guang Cavalry
44:32 Plate Barding Armor
Kez
6:46 Loom
9:49 Feudal Age
10:31 Man-at-Arms
12:56 Double-Bit Axe
25:50 Castle Age
24:06 Horse Collar
27:36 Bow Saw
27:20 Elite Skirmisher
27:51 Fletching
28:25 Padded Archer Armor
32:55 Wheelbarrow
32:58 Town Watch
38:17 Heavy Plow
40:59 Imperial Age
38:52 Scale Mail Armor
39:08 Stone Mining
39:04 Treadmill Crane
40:56 Chain Mail Armor
40:51 Forging
40:45 Squires
41:29 Anarchy
42:02 Conscription
42:28 Crop Rotation
42:57 Hand Cart
43:07 Capped Ram
45:04 Elite Huskarl
46:58 Ballistics
47:34 Bodkin Arrow
48:14 Iron Casting
Connection lost

Rejoining the realm…

Still unreachable

The connection could not be restored.

Session expired

The server has moved on; the page needs a fresh start.